cohdb
Replays
Latest Replays
All Replays
Popular Replays
Top Player Replays
Match Explorer
How It Works
Community
CoH3 Stats
Reddit
Sign in to upload your games and track your stats! →
Sign in with Steam
Match 46602273
Unlisted
Match 46602273
Overview
Messages
Build Orders
End
Selects Heavy Armor Battlegroup
Construct Section Command Post
Dingo Light Scout Car
Infantry Section
Infantry Section
Infantry Section
Construct Platoon Command Post
Selects Rigorous Vehicle Training
Grenade Package
Selects Light Vehicle Withdraw and Refit
Unlock M3 Stuart Light Tanks
M3 Stuart Light Tank
6-pounder Anti-tank Gun Team
M3 Stuart Light Tank
Selects Radio Net
Infantry Section
Infantry Section
6-pounder Anti-tank Gun Team
Bobr
PAX AJAX
K̳itsuné
aSIIDemolitionHammer
0
0
Comments
sign in to comment!
No comments posted yet!